 Dungeon Crawl Stone Soup version 0.32-a0-699-g1ee5eff69a (webtiles) character file.

Game seed: 12680202803915666291

756 BeKind the Chiller (level 7, -10/41 HPs)
             Began as an Octopode Ice Elementalist on Mar 14, 2024.
             Was an Initiate of Gozag.
             Killed from afar by CBP's ghost (11 damage)
             ... with a sting
             ... on level 5 of the Dungeon.
             The game lasted 00:08:51 (4590 turns).

BeKind the Chiller (Octopode Ice Elementalist)      Turns: 4590, Time: 00:08:52

Health: -10/41     AC:  1    Str: 13    XL:     7   Next: 79%
Magic:  0/13       EV: 13    Int: 20    God:    Gozag
Gold:   243        SH:  0    Dex: 12    Spells: 4/14 levels left

rFire   . . .        c - +0 dagger
rCold   . . .        (no shield)
rNeg    . . .        (helmet restricted)
rPois   .            e - amulet of guardian spirit
rElec   .            f - +6 ring of strength
rCorr   .            (no ring)
SInv    .            (no ring)
Will    .....        (no ring)
Stlth   +++          (no ring)
HPRegen 0.26/turn    (no ring)
MPRegen 0.13/turn    (no ring)
                     (no ring)

%: guardian spirit
@: lethally poisoned (-10 -> -31), gold aura, inugami summoned
A: almost no armour, amphibious, 8 rings, camouflage 1, gelatinous body 1,
(nimble swimmer 1), tentacles
a: Renounce Religion, Potion Petition, Call Merchant, Bribe Branch


You were on level 5 of the Dungeon.
You worshipped Gozag.
Gozag was aware of your devotion.
You visited 2 branches of the dungeon, and saw 7 of its levels.

You collected 331 gold pieces.
You paid 88 gold pieces to Gozag.

Inventory:

Hand Weapons
 c - a +0 dagger (weapon)
Jewellery
 e - an amulet of guardian spirit (around mantle)
 f - a +6 ring of strength (left tentacle)
 q - a +6 ring of intelligence
Talismans
 o - a storm talisman
Wands
 u - a wand of mindburst (14)
Scrolls
 b - 2 scrolls of summoning {unknown}
 g - a scroll of immolation {unknown}
 h - 4 scrolls of identify {unknown}
 i - a scroll of enchant armour {unknown}
 j - 2 scrolls of amnesia {unknown}
 l - a scroll of noise {unknown}
 p - a scroll of fog {unknown}
 s - 2 scrolls of vulnerability {unknown}
 t - a scroll of revelation {unknown}
 v - a scroll of teleportation {unknown}
 w - a scroll of blinking {unknown}
Potions
 a - 2 potions of magic
 d - 5 potions of curing {unknown}
 k - a potion of heal wounds {unknown}
 m - a potion of haste {unknown}
 n - a potion of ambrosia {unknown}
 r - a potion of degeneration {unknown}


   Skills:
 + Level 4.3 Dodging
 - Level 3.0 Stealth
 + Level 4.0 Spellcasting
 * Level 4.6 Summonings
 + Level 5.5 Ice Magic


You had 4 spell levels left.
You knew the following spells:

 Your Spells              Type           Power      Damage    Failure   Level
a - Freeze                Ice            100%       1d10      1%          1
b - Summon Ice Beast      Ice/Summ       24%        N/A       4%          3
c - Frozen Ramparts       Ice            52%        1d8       4%          3
d - Call Canine Familiar  Summ           22%        N/A       6%          3

Your spell library contained the following spells:

 Spells                   Type           Power      Damage    Failure   Level
 Summon Small Mammal      Summ           88%        N/A       1%          1
 Call Imp                 Summ           44%        N/A       3%          2
 Ozocubu's Armour         Ice            26%        N/A       4%          3
 Sandblast                Erth           8%         2d5       13%         1
 Static Discharge         Conj/Air       8%         3-4/arc   19%         2
 Sublimation of Blood     Necr           4%         N/A       19%         2
 Stone Arrow              Conj/Erth      8%         3d7       36%         3
 Summon Blazeheart Golem  Fire/Summ      13%        N/A       45%         4
 Summon Lightning Spire   Summ/Air       13%        N/A       45%         4
 Airstrike                Air            2%         2d(1-17)  77%         4
 Brom's Barrelling Bould  Conj/Erth      4%         2d3       77%         4
 Iskenderun's Battlesphe  Conj           4%         2d6       98%         5
 Bombard                  Conj/Erth      2%         9d1       100%        6
 Spellforged Servitor     Conj/Summ      6%         N/A       100%        7
 Summon Hydra             Summ           11%        N/A       100%        7


Dungeon Overview and Level Annotations

Branches:
Dungeon (6/15)             Temple (1/1) D:6

Altars:
Ashenzari
Cheibriados
Dithmenos
Elyvilon
Fedhas
Gozag
Nemelex Xobeh
Okawaru
Qazlal
Ru
Trog
Wu Jian
Yredelemnul
Zin
The Shining One

Annotations:
D:5 CBP's ghost, amateur GrCj


Innate Abilities, Weirdness & Mutations

You cannot wear most types of armour.
You are amphibious.
You can wear up to eight rings at the same time.
Your skin changes colour to match your surroundings (Stealth+).
Your rubbery body absorbs attacks. (AC +1, EV +1)
((You are camouflaged when in or above water. (Stealth+)))
You have tentacles for arms and can constrict up to eight enemies at once.


Message History

Your ice beast freezes the bullfrog zombie.
The bullfrog zombie resists.
Your inugami hits CBP's ghost. CBP's ghost hits you! CBP's ghost burns you.
You hit the bullfrog zombie.
You destroy the bullfrog zombie!
Your inugami barely misses CBP's ghost.
CBP's ghost closely misses you.
The howler monkey zombie hits your ice beast but does no damage.
Unknown command.
You hit CBP's ghost but do no damage.
CBP's ghost is lightly damaged.
Your ice beast barely misses the howler monkey zombie.
Your inugami completely misses CBP's ghost.
The howler monkey zombie closely misses your ice beast.
CBP's ghost hits you. CBP's ghost burns you.
Unknown command.
You are too injured to fight recklessly!
You are too injured to fight recklessly!
Unknown command.
You are too injured to fight recklessly!
Unknown command.
You are too injured to fight recklessly!
You are too injured to fight recklessly!
Unknown command.
Your ice beast hits the howler monkey zombie.
Your ice beast freezes the howler monkey zombie.
The howler monkey zombie resists.
Your inugami barely misses CBP's ghost.
CBP's ghost points at you and mumbles some strange words.
The sting hits you!
You are poisoned.
* * * LOW HITPOINT WARNING * * *
The howler monkey zombie barely misses your ice beast.
* * * LOW HITPOINT WARNING * * *
You feel very sick.
Your ice beast hits CBP's ghost but does no damage.
Your inugami hits CBP's ghost but does no damage.
CBP's ghost casts a spell at you. The sting misses your ice beast.
The sting hits you!
You are more poisoned.
You die...
Your body crumbles into a pile of gold.

#...... )# #..... .. .... ..
####### #..# .# ..#...##
###..##.###. .......#
##$.......... .......#
###............
.##...#####........#
'##...##..#..h..@..#####+### ...
......#..###'WY###.........+ ..
......#..#....Z.$#.........# ..
......'..##.....#####'##..## #.
.##...##.#.......####.##########.
.#######.##.[[..##.........#.....
###......#..#.#..#.........'.....
..#......###############+###.....
..#...##..##..##..######..##..##'


You could see CBP's ghost (ally target), a howler monkey zombie, a friendly ice
beast (summoned) and a friendly inugami (summoned).

Vanquished Creatures
  A centaur (D:6)
  2 bullfrogs (D:6)
  2 bullfrog zombies (D:5)
  A hound (D:5)
  An orc priest (D:5)
  Jessica (D:3)
  2 orc wizards
  3 adders
  A white imp (D:5)
  3 dart slugs
  2 ribbon worms
  9 orcs
  4 endoplasms
  A giant cockroach (D:2)
  4 goblins
  3 hobgoblins
  6 kobolds
  2 quokkas
  5 ball pythons
  8 bats
  2 frilled lizards
  7 rats
70 creatures vanquished.

Vanquished Creatures (collateral kills)
  3 scorpions (D:6)
  An orc priest (D:3)
  An iguana (D:6)
  2 orcs (D:3)
7 creatures vanquished.

Vanquished Creatures (others)
  An orc wizard (D:5)
1 creature vanquished.

Grand Total: 78 creatures vanquished

Notes
Turn   | Place    | Note
-------+----------+-------------------------------------------
     0 | D:1      | BeKind the Octopode Ice Elementalist began the quest for
                  | the Orb.
     0 | D:1      | Reached XP level 1. HP: 11/11 MP: 3/3
    75 | D:1      | Reached XP level 2. HP: 17/17 MP: 3/5
   392 | D:1      | You fall into a shaft and drop 1 floor!
   766 | D:2      | Reached XP level 3. HP: 12/21 MP: 0/6
  1329 | D:2      | Learned a level 3 spell: Summon Ice Beast
  1333 | D:2      | Learned a level 3 spell: Frozen Ramparts
  1577 | D:3      | Reached skill level 1 in Summonings
  1577 | D:3      | Reached XP level 4. HP: 16/27 MP: 2/8
  1774 | D:3      | Found a broken altar of Ashenzari.
  2036 | D:3      | Reached XP level 5. HP: 21/31 MP: 3/9
  2093 | D:3      | Noticed Jessica
  2099 | D:3      | Killed Jessica
  2154 | D:3      | Found a sacrificial altar of Ru.
  2282 | D:3      | Found a faded altar of an unknown god.
  2455 | D:4      | Learned a level 3 spell: Call Canine Familiar
  2559 | D:4      | Found an iron altar of Okawaru.
  2907 | D:5      | Entered Level 5 of the Dungeon
  2930 | D:5      | Reached XP level 6. HP: 4/36 MP: 1/10
  3597 | D:5      | Found a runed translucent gate.
  3597 | D:5      | Found a runed translucent gate.
  3597 | D:5      | Found a runed translucent gate.
  3961 | D:6      | Reached skill level 5 in Ice Magic
  4074 | D:6      | Found a staircase to the Ecumenical Temple.
  4078 | Temple   | Entered the Ecumenical Temple
  4085 | Temple   | Became a worshipper of Gozag Ym Sagoz the Greedy
  4263 | D:6      | Reached XP level 7. HP: 19/41 MP: 3/12
  4573 | D:5      | Noticed CBP's ghost (amateur GrCj)
  4590 | D:5      | HP: 1/41 [poisoned by CBP's ghost (sting)]
  4590 | D:5      | Killed from afar by CBP's ghost

Illustrated notes

Levels and vault maps discovered:
D:1:      lightli_arrival_statuegarden, layout_rooms
D:2:      layout_loops_cross
D:3:      layout_basic, nicolae_ru_path_of_blood, cheibrodos_ashenzari_chains,
          shapermc_ecumenical_altar_hornbeckon, uniq_jessica
D:4:      layout_rooms, okawaru_gym_becter
D:5:      layout_gridville, gammafunk_ghost_necromancy, grunt_ministairs_6,
          uniq_menkaure
D:6:      layout_basic, minmay_temple_entry_grid, roderic_filled_cross,
          kennysheep_generic_room_5
Temple:   nicolae_temple_no_exploring_needed

Skill      XL: |  1  2  3  4  5  6  7 |
---------------+----------------------+-----
Stealth        | 3 |  3.0
Summonings     | 1 2 3 4 |  4.6
Dodging        | 3 4 |  4.3
Spellcasting   | 3 4 |  4.0
Ice Magic      | 5 |  5.5

Action                     |  1- 3 |  4- 6 |  7- 9 || total
---------------------------+-------+-------+-------++-------
  Melee: Dagger            |    24 |    30 |    14 ||    68
         Constrict         |    10 |    14 |     3 ||    27
         Tentacles         |     5 |     8 |     8 ||    21
         Unarmed           |     1 |       |       ||     1
   Cast: Freeze            |    21 |    36 |       ||    57
         Summon Ice Beast  |     1 |     3 |     2 ||     6
         Frozen Ramparts   |     1 |     2 |     1 ||     4
         Call Canine Famil |       |     2 |     3 ||     5
   Stab: Sleeping          |     7 |     2 |       ||     9
         Distracted        |       |       |     1 ||     1
 Armour: Skin              |    21 |    36 |    19 ||    76
  Dodge: Dodged            |    27 |    35 |    20 ||    82

Table legend: (Time is in decaauts)
 A = Elapsed time spent in this place.
 B = Non-inter-level travel time spent in this place.
 C = Inter-level travel time spent in this place.
 D = Time resting spent in this place.
 E = Time spent auto-exploring this place.
 F = Levels seen in this place.
 G = Mean time per level.
                   A        B        C        D        E       F      G
               +--------+--------+--------+--------+--------+-----+--------+
         Total |   4591 |   4355 |    236 |    866 |   2896 |   7 |  655.9 |
       Dungeon |   4577 |   4353 |    224 |    866 |   2896 |   6 |  762.8 |
        Temple |     14 |      2 |     12 |      0 |      0 |   1 |   14.0 |
               +--------+--------+--------+--------+--------+-----+--------+

Top non-repeatable levels by time:
     D:4: 939 daAuts
     D:3: 890 daAuts
     D:6: 889 daAuts
     D:2: 844 daAuts
     D:1: 654 daAuts
     D:5: 359 daAuts
  Temple: 14 daAuts
